Map: Automne céruléen EC

Players

zidar

  • Race: Zerg Zerg
  • League: Silver
  • Spawn Location: 1:00

VOD

Have the link to the VOD?

Description

Time

  • Played on: Dec. 28, 2018, 3:40 p.m.
  • Length: 5:04
Show
View Real Time Build Order
Export as new Build Order

zidar Zerg 

Build Orders:  

Get SALT Encoding   

  12  0:02  Drone  
  13  0:17  Overlord  
  13  0:24  Drone  
  14  0:45  Drone  
  14  0:46  Drone  
  16  0:50  Drone  
  17  1:17  Hatchery  
  16  1:22  Drone  
  16  1:28  Extractor  
  16  1:29  Drone  
  17  1:52  Drone  
  18  2:34  Spawning Pool  
  18  2:35  Drone x2  
  19  2:41  Extractor  
  18  2:53  Drone  
  18  2:59  Drone x2  
  21  3:27  Hatchery  
  20  3:55  Queen x2  
  20  3:59  Zergling x2  
  25  4:00  Zergling x6  
  28  4:15  Overlord x2  
Tags
 
Add a new tag
Caveats
  • Supply blocks, unpowered buildings, or Contaminate may cause inaccurate times.
  • Supply counts are checked every 10 seconds.